 Dungeon Crawl Stone Soup version 0.23.0 (webtiles) character file.

Game seed: 17061728105075293471

270 Laan the Chopper (level 6, -4/84 HPs)
             Began as a Hill Orc Monk on Feb 15, 2019.
             Slain by Pikel
             ... wielding a +0 whip of electrocution
              (9 damage)
             ... on level 4 of the Dungeon.
             The game lasted 00:04:24 (2595 turns).

Laan the Chopper (Hill Orc Monk)                    Turns: 2595, Time: 00:04:24

Health: -4/84      AC: 23    Str: 16    XL:     6   Next: 22%
Magic:  6/6        EV:  2    Int: 10    God:
Gold:   221        SH:  0    Dex: 18    Spells: 5/5 levels left

rFire    . . .     SeeInvis .   v - +0 war axe
rCold    . . .     Gourm    .   (no shield)
rNeg     + + +     Faith    .   (armour currently unavailable)
rPois    +         Spirit   .   (helmet currently unavailable)
rElec    .         Reflect  .   (cloak currently unavailable)
rCorr    .         Harm     .   (gloves currently unavailable)
MR       .....     NoTele   +   (boots currently unavailable)
Stlth    ++........             (no amulet)
HPRegen  0.24/turn              t - +5 ring of dexterity
MPRegen  0.10/turn              (no ring)

@: tree-form
A: no striking features
a: no special abilities


You were on level 4 of the Dungeon.
You were hungry.
You were a tree.
You visited 1 branch of the dungeon, and saw 4 of its levels.

You collected 221 gold pieces.

Inventory:

Hand Weapons
 v - a +0 war axe (weapon)
Missiles
 d - 113 stones
 m - 7 silver tomahawks (quivered)
Armour
 n - a +0 chain mail (melded)
 u - a +2 helmet (melded)
Jewellery
 t - a +5 ring of dexterity (left branch)
Scrolls
 b - a scroll of remove curse {unknown}
 h - 3 scrolls of random uselessness {unknown}
 j - a scroll of teleportation {unknown}
 k - 2 scrolls of identify
 l - a scroll of fog {unknown}
 o - a scroll of blinking {unknown}
 p - a scroll of noise {unknown}
Potions
 f - a potion of invisibility {unknown}
 g - a potion of lignification
 q - 2 potions of resistance {unknown}
 s - a potion of degeneration {unknown}
Comestibles
 c - 5 rations
 r - 2 chunks of flesh


   Skills:
 + Level 5.2 Fighting
 * Level 7.1 Axes
 + Level 2.4 Armour
 - Level 2.4 Dodging
 - Level 1.5 Stealth


You had 5 spell levels left.
You didn't know any spells.
Your spell library was empty.

Dungeon Overview and Level Annotations

Branches:
Dungeon (4/15)
 Temple: D:4-7

Altars:
Dithmenos
Kikubaaqudgha
Okawaru
Wu Jian
Yredelemnul
Zin

Annotations:
D:4 Pikel


Message History

* * * LOW HITPOINT WARNING * * *
The slave hits you but does no damage.
Found 22 stones.
It was a potion of lignification.
You turn into a tree.
Your +2 helmet melds into your body.
Your +0 chain mail melds into your body.
Your roots penetrate the ground.
The slave hits you.
* * * LOW HITPOINT WARNING * * *
It was a potion of curing.
You feel better. Pikel hits you but does no damage. The slave hits you.
* * * LOW HITPOINT WARNING * * *
You feel better. Pikel hits you but does no damage.
You are electrocuted!
* * * LOW HITPOINT WARNING * * *
The slave hits you but does no damage. x3
You hit Pikel but do no damage.
Pikel is heavily wounded.
You miss the slave. You hit the slave. You closely miss the slave.
The slave hits you but does no damage. Pikel hits you but does no damage.
You are electrocuted!
You die...

#..##..# #
#..##..#.# #
#...._.#.#.#
#.#.<.....?..#
#...........$#
###.###...####
#. #p#.#
#.###p#.####
#.#.♣K.......
#.#.pp.......
#.#.#.#.####.
.......#
.#.###..# #.#.
..# # #. .. .(
..#


You could see Pikel and 4 slaves.

Vanquished Creatures
  Edmund (D:4)
  A bullfrog skeleton (D:4)
  Terence (D:2)
  5 adders
  A dart slug (D:3)
  A leopard gecko (D:2)
  3 orcs
  2 ball pythons
  2 giant cockroaches
  3 hobgoblins
  7 kobolds
  6 bats
  3 frilled lizards
  10 goblins
  2 jackal skeletons (D:4)
  6 rats
54 creatures vanquished.

Notes
Turn   | Place    | Note
-------+----------+-------------------------------------------
     0 | D:1      | Laan the Hill Orc Monk began the quest for the Orb.
     0 | D:1      | Reached XP level 1. HP: 19/19 MP: 1/1
   358 | D:1      | Reached XP level 2. HP: 26/27 MP: 2/2
   918 | D:2      | Found a shadowy altar of Dithmenos.
   980 | D:2      | Found a glowing silver altar of Zin.
   989 | D:2      | Noticed Terence
  1038 | D:2      | Killed Terence
  1038 | D:2      | Reached skill level 5 in Axes
  1038 | D:2      | Reached XP level 3. HP: 12/33 MP: 3/3
  1292 | D:2      | Found an ornate altar of the Wu Jian Council.
  1296 | D:2      | Reached XP level 4. HP: 41/41 MP: 4/4
  1650 | D:2      | You fall through a shaft!
  2071 | D:3      | Reached skill level 1 in Armour
  2122 | D:3      | Found an ancient bone altar of Kikubaaqudgha.
  2320 | D:3      | Reached skill level 6 in Axes
  2402 | D:3      | Found an iron altar of Okawaru.
  2540 | D:4      | Found a basalt altar of Yredelemnul.
  2548 | D:4      | Noticed Edmund
  2549 | D:4      | Reached XP level 5. HP: 47/47 MP: 5/5
  2572 | D:4      | Noticed Pikel
  2576 | D:4      | Noticed a slave
  2577 | D:4      | Noticed a slave
  2578 | D:4      | Noticed a slave
  2579 | D:4      | Killed Edmund
  2579 | D:4      | Reached skill level 5 in Fighting
  2579 | D:4      | Reached skill level 7 in Axes
  2579 | D:4      | Reached XP level 6. HP: 42/56 MP: 6/6
  2580 | D:4      | Noticed a slave
  2590 | D:4      | HP: 2/56 [Pikel/+0 whip of electrocution (13)]
  2595 | D:4      | Slain by Pikel

Skill      XL: |  1  2  3  4  5 |
---------------+----------------+-----
Fighting       | 4 5 |  5.2
Axes           | 5 6 7 |  7.1
Armour         | 1 2 |  2.4
Dodging        | |  2.4
Stealth        | |  1.5

Action                   |  1- 3 |  4- 6 || total
-------------------------+-------+-------++-------
Melee: Hand axe          |    84 |    79 ||   163
       War axe           |       |    42 ||    42
Throw: Tomahawk          |     6 |       ||     6
  Use: Potion            |     1 |     5 ||     6
       Scroll            |       |     1 ||     1
 Stab: Sleeping          |     1 |       ||     1
  Eat: Chunk             |     1 |     4 ||     5
Armor: Robe              |    14 |       ||    14
       Chain mail        |     6 |    95 ||   101
       Skin              |       |     7 ||     7
Dodge: Dodged            |    71 |    51 ||   122
